 Dungeon Sprint DCSS version 0.31-a0-662-g684573625c (webtiles) character file.

Game seed: 14369768193716199459

2930 sircluck the Unseen (level 10, -39/53 HPs)
             Began as a Kobold Brigand on Sept 1, 2023.
             Was an Elder of Dithmenos.
             Annihilated by Donald
             ... wielding a +0 war axe of holy wrath
              (45 damage)
             ... in the Dungeon (Sprint III: "The Ten Rune Challenge").
             The game lasted 00:04:43 (846 turns).

sircluck the Unseen (Kobold Brigand)                 Turns: 846, Time: 00:04:43

Health: -39/53     AC:  2    Str:  9    XL:     10   Next: 7%
Magic:  10/10      EV: 26    Int: 13    God:    Dithmenos [****..]
Gold:   18         SH:  0    Dex: 20    Spells: 9/9 levels left

rFire   . . .        a - +2 dagger
rCold   . . .        (no shield)
rNeg    . . .        b - +0 robe
rPois   .            (no helmet)
rElec   .            c - +0 cloak
rCorr   .            (no gloves)
SInv    .            (no boots)
Will    .....        (no amulet) Stlth **++++++++
                     (no ring)
HPRegen 0.28/turn    (no ring)
MPRegen 0.12/turn

%: no teleportation, clarity
@: lethally poisoned (-39 -> -40), slowed, wreathed by umbra, very slow
A: small, no large weapons, nightstalker 3, clarity, deformed body, MP-powered
wands
a: Renounce Religion, Shadow Step


You were in the Dungeon.
You worshipped Dithmenos.
Dithmenos was greatly pleased with you.
You visited 1 branch You collected 18 gold pieces.

Inventory:

Hand Weapons
 a - a +2 dagger (weapon)
 k - a +1 dagger of holy wrath
Missiles
 d - 9 poisoned darts (quivered)
 e - 3 curare-tipped darts
Armour
 b - a +0 robe (worn)
 c - a +0 cloak (worn)
Wands
 j - a wand of paralysis (10)
Scrolls
 m - a scroll of silence {unknown}
 o - a scroll of immolation {unknown}
 p - a scroll of enchant armour {unknown}
 s - 2 scrolls of identify
Potions
 f - 2 potions of curing
 h - a potion of haste
 i - 2 potions of magic
 q - a potion of resistance
 t - 2 potions of enlightenment
Miscellaneous
 g - a lightning rod (4/4)


   Skills:
 - Level 2.1 Fighting
 + Level 16.7 Short Blades
 - Level 2.1 Throwing
 + Level 15.1 Dodging
 + Level 18.3 Stealth


You had 9 spell levels left.
You didn't know any spells.
Your spell library contained the following spells:

 Spells                   Type           Power      Damage    Failure   Level
 Ensorcelled Hibernation  Hex/Ice        0%         N/A       43%         2
 Passwall                 Tmut/Erth      0%         N/A       43%         2
 Wereblood                Tmut           0%         N/A       43%         2
 Swiftness                Air            0%         N/A       67%         3
 Irradiate                Conj/Tmut      0%         3d11      100%        5


Dungeon Overview and Level Annotations

Branches:
Dungeon (1/1)

Altars:
Cheibriados
Dithmenos
Elyvilon
Fedhas
Gozag
Hepliaklqana
Kikubaaqudgha
Makhleb
Nemelex Xobeh
Okawaru
Qazlal
Ru
Sif Muna
Trog
Uskayaw
Vehumet
Wu Jian
Xom
Yredelemnul
Zin
The Shining One
Jiyva
Lugonu

Annotations:
D Donald, Frances


Innate Abilities, Weirdness & Mutations

You are small and have problems with some larger weapons.
You are completely attuned to the shadows.
You possess an exceptional clarity of mind.
Armour fits poorly on your strangely shaped body.
You expend magic power (3 MP) to strengthen your wands.


Message History

Frances hits your butterfly with a +1 war axe of holy wrath!!
Your butterfly dies!
Your butterfly disappears in a burst of colours!
Frances hits your butterfly with a +1 war axe of holy wrath!!
Your butterfly dies!
Your butterfly disappears in a burst of colours!
You swap places.
You feel sick.
Donald hits your butterfly with a +0 war axe of holy wrath!!
Your butterfly dies!
Your butterfly disappears in a burst of colours!
Donald hits your butterfly with a +0 war axe of holy wrath.
Your butterfly dies!
Your butterfly disappears in a burst of colours!
Donald hits your butterfly with a +0 war axe of holy wrath!!
Your butterfly dies!
Your butterfly disappears in a burst of colours!
Donald hits your butterfly with a +0 war axe of holy wrath.
Your butterfly dies!
Your butterfly disappears in a burst of colours!
Donald hits your butterfly with a +0 war axe of holy wrath!
Your butterfly dies!
Your butterfly disappears in a burst of colours!
Donald hits your butterfly with a +0 war axe of holy wrath!!
Your butterfly dies!
Your butterfly disappears in a burst of colours!
Frances hits your butterfly with a +1 war axe of holy wrath!!
Your butterfly dies!
Your butterfly disappears in a burst of colours!
Frances hits your butterfly with a +1 war axe of holy wrath!
Your butterfly dies!
Your butterfly disappears in a burst of colours!
Frances closely misses something.
Frances drops a net on you.
You avoid being caught in a net.
The ice devil fails to trigger a net trap.
You swap places.
You feel sick.
Donald fails to trigger a net trap.
Frances fails to trigger a net trap.
Donald hits you with a +0 war axe of holy wrath!!!
Ouch! That really hurt!
You die...
Donald says, "Well, maybe you weren't so bad after all."

'## ..# ..# #'#
.)#+#####################
.)#....#.#.#)....#.b....+
..##.#..#.##.###.#.b.b.^#
..'##.#.#.##.#).##bbbbb.#
..#...#..#..##.b@bbbb.^.#
▓▓▓▓▓▓▓▓▓▓▓▓▓▓▓▓#@b^b^..#
#.b@....# +4^b^.^.#
#.......# ##'###### #...+
#...# #...#


You could see Frances (fast, ally target), Donald (fast, strong, ally target,
reflecting) and an ice devil (summoned).

Vanquished Creatures
  Erolcha (D)
  A deep elf pyromancer (D)
  A shadow (D)
  2 redbacks (D)
  A spatial vortex (D)
  5 two-headed ogres (D)
  A necrophage (D)
  A scorpion (D)
  A water elemental (D)
  A jelly (D)
  Jessica (D)
  A wizard (D)
  A necromancer (D)
  3 humans (D)
  A kobold demonologist (D)
  An endoplasm (D)
  2 rats (D)
25 creatures vanquished.

Notes
Turn   | Place    | Note
-------+----------+-------------------------------------------
     0 | D        | sircluck the Kobold Brigand began the quest for the Orb.
     0 | D        | Reached XP level 1. HP: 12/12 MP: 1/1
    34 | D        | Noticed Jessica
    38 | D        | Killed Jessica
    39 | D        | Reached skill level 5 in Short Blades
    39 | D        | Reached skill level 7 in Stealth
    39 | D        | Reached XP level 2. HP: 17/17 MP: 2/2
    39 | D        | Reached XP level 3. HP: 21/21 MP: 3/3
    43 | D        | Noticed a scorpion
    46 | D        | Killed a scorpion
    47 | D        | Reached skill level 5 in Dodging
    47 | D        | Reached skill level 8 in Stealth
    47 | D        | Reached XP level 4. HP: 26/26 MP: 4/4
    75 | D        | Reached skill level 9 in Stealth
    75 | D        | Reached XP level 5. HP: 18/30 MP: 5/5
    94 | D        | Gained mutation: Your mind is acute. (Int +4, Str/Dex -1)
                  | [potion of mutation]
    94 | D        | Gained mutation: You are covered in fur. (AC +1) [potion of
                  | mutation]
    95 | D        | Lost mutation: You are covered in fur. (AC +1) [potion of
                  | mutation]
    95 | D        | Lost mutation: Your mind is acute. (Int +4, Str/Dex -1)
                  | [potion of mutation]
    95 | D        | Gained mutation: You are frail. (-10% HP) [potion of
                  | mutation]
    95 | D        | Gained mutation: Your mind is acute. (Int +4, Str/Dex -1)
                  | [potion of mutation]
    95 | D        | Gained mutation: You are partially covered in large bone
                  | plates. (SH +4) [potion of mutation]
    95 | D        | Gained mutation: You are partially covered in iridescent
                  | scales. (AC +2) [potion of mutation]
    96 | D        | Lost mutation: You are partially covered in iridescent
                  | scales. (AC +2) [potion of mutation]
    96 | D        | Lost mutation: You are frail. (-10% HP) [potion of
                  | mutation]
    96 | D        | Lost mutation: You are partially covered in large bone
                  | plates. (SH +4) [potion of mutation]
    96 | D        | Gained mutation: You are clumsy. (Dex -2) [potion of
                  | mutation]
    96 | D        | Gained mutation: You have sharp toenails. [potion of
                  | mutation]
    97 | D        | Lost mutation: Your mind is acute. (Int +4, Str/Dex -1)
                  | [potion of mutation]
    97 | D        | Lost mutation: You are clumsy. (Dex -2) [potion of
                  | mutation]
    97 | D        | Gained mutation: You sometimes lose your temper in combat.
                  | [potion of mutation]
    97 | D        | Gained mutation: Armour fits poorly on your strangely
                  | shaped body. [potion of mutation]
    98 | D        | Lost mutation: Armour fits poorly on your strangely shaped
                  | body. [potion of mutation]
    98 | D        | Lost mutation: You sometimes lose your temper in combat.
                  | [potion of mutation]
    98 | D        | Lost mutation: You have sharp toenails. [potion of
                  | mutation]
    98 | D        | Gained mutation: You possess an exceptional clarity of
                  | mind. [potion of mutation]
    98 | D        | Gained mutation: Armour fits poorly on your strangely
                  | shaped body. [potion of mutation]
    98 | D        | Gained mutation: You expend magic power (3 MP) to
                  | strengthen your wands. [potion of mutation]
   107 | D        | Noticed a water elemental
   128 | D        | Killed a water elemental
   129 | D        | Reached skill level 10 in Stealth
   180 | D        | Found a basalt altar of Yredelemnul.
   180 | D        | Found a shadowy altar of Dithmenos.
   180 | D        | Found a sacrificial altar of Ru.
   183 | D        | Reached skill level 11 in Stealth
   183 | D        | Reached XP level 6. HP: 35/35 MP: 6/6
   189 | D        | Became a worshipper of Dithmenos the Shadowed
   205 | D        | Found a radiant altar of Vehumet.
   205 | D        | Found a shimmering blue altar of Sif Muna.
   205 | D        | Found an ancient bone altar of Kikubaaqudgha.
   210 | D        | Reached skill level 10 in Short Blades
   225 | D        | Found a hide-covered altar of Uskayaw.
   225 | D        | Found an iron altar of Okawaru.
   225 | D        | Found a bloodstained altar of Trog.
   225 | D        | Found an ornate altar of the Wu Jian Council.
   225 | D        | Noticed a human
   226 | D        | Noticed a human
   228 | D        | Killed a human
   228 | D        | Reached * piety under Dithmenos
   229 | D        | Reached skill level 10 in Dodging
   229 | D        | Reached skill level 12 in Stealth
   229 | D        | Reached XP level 7. HP: 40/40 MP: 7/7
   229 | D        | Killed a human
   230 | D        | Reached skill level 13 in Stealth
   241 | D        | Found a glowing silver altar of Zin.
   241 | D        | Found a glowing golden altar of the Shining One.
   241 | D        | Found a white marble altar of Elyvilon.
   242 | D        | Noticed a deep elf pyromancer
   261 | D        | HP: 1/40 [deep elf pyromancer/+2 long sword of holy wrath
                  | (12)]
   262 | D        | Killed a deep elf pyromancer
   263 | D        | Reached skill level 15 in Stealth
   263 | D        | Reached XP level 8. HP: 1/44 MP: 8/8
   430 | D        | Noticed a shadow
   457 | D        | Killed a shadow
   464 | D        | Reached ** piety under Dithmenos
   512 | D        | Found a blossoming altar of Fedhas.
   512 | D        | Found a stormy altar of Qazlal.
   512 | D        | Found a snail-covered altar of Cheibriados.
   512 | D        | Found a burning altar of Makhleb.
   512 | D        | Found a shimmering altar of Xom.
   520 | D        | Found a hazy altar of Hepliaklqana.
   520 | D        | Found an opulent altar of Gozag.
   520 | D        | Found a sparkling altar of Nemelex Xobeh.
   520 | D        | Found a corrupted altar of Lugonu.
   520 | D        | Found a viscous altar of Jiyva.
   601 | D        | Reached skill level 16 in Stealth
   601 | D        | Reached XP level 9. HP: 16/48 MP: 9/9
   617 | D        | HP: 1/48 [two-headed ogre/+0 giant club (20)]
   618 | D        | Reached *** piety under Dithmenos
   800 | D        | Noticed a two-headed ogre
   803 | D        | Killed a two-headed ogre
   804 | D        | Reached skill level 15 in Short Blades
   808 | D        | Noticed Erolcha
   809 | D        | Noticed a two-headed ogre
   811 | D        | Killed a two-headed ogre
   812 | D        | Reached skill level 17 in Stealth
   812 | D        | Killed Erolcha
   813 | D        | Reached skill level 18 in Stealth
   818 | D        | Reached **** piety under Dithmenos
   819 | D        | Reached XP level 10. HP: 53/53 MP: 10/10
   820 | D        | Reached skill level 15 in Dodging
   829 | D        | Noticed Donald
   830 | D        | Noticed Frances
   841 | D        | Noticed an ice devil
   846 | D        | Annihilated by Donald

Illustrated notes

Levels and vault maps discovered:
D:        dungeon_sprint_mu [sprint_mu_entry_cave, sprint_mu_temple_rooms,
          sprint_mu_d1_spiders, sprint_mu_d2_genie, sprint_mu_d3_branching,
          sprint_mu_orc_legion, sprint_mu_elf_gauntlet, sprint_mu_hive_nellie,
          sprint_mu_lair_fedhas, sprint_mu_vaults_butterflies,
          sprint_mu_slime_circle, sprint_mu_swamp_cave, sprint_mu_snake_twists,
          sprint_mu_blade_basic, sprint_mu_crypt_chambers,
          sprint_mu_tomb_spiral, sprint_mu_vestibule_basic,
          sprint_mu_gehenna_hellfire, sprint_mu_dis_giant,
          sprint_mu_tartarus_statrot, sprint_mu_cocytus_islands, sprint_mu_zot1]

Skill      XL: |  1  2  3  4  5  6  7  8  9 10 |
---------------+-------------------------------+-----
Short Blades   | 5 7 9 11 13 14 16 | 16.7
Dodging        | 4 5 6 8 10 12 13 14 15 | 15.1
Stealth        | 7 8 9 11 12 15 16 18 | 18.3
Fighting       | |  2.1
Throwing       | |  2.1

Action                     |  1- 3 |  4- 6 |  7- 9 | 10-12 || total
---------------------------+-------+-------+-------+-------++-------
  Melee: Dagger            |     5 |    36 |    96 |     4 ||   141
         Punch             |       |     2 |       |       ||     2
  Throw: Dart              |       |     3 |     1 |       ||     4
  Evoke: Lightning rod     |       |       |     5 |       ||     5
    Use: Potion            |       |     6 |     2 |       ||     8
         Scroll            |       |     1 |       |     2 ||     3
   Stab: Sleeping          |     4 |     5 |     5 |     1 ||    15
 Armour: Robe              |       |     6 |    13 |     3 ||    22
  Dodge: Dodged            |     1 |    14 |    36 |     6 ||    57

Table legend: (Time is in decaauts)
 A = Elapsed time spent in this place.
 B = Non-inter-level travel time spent in this place.
 C = Inter-level travel time spent in this place.
 D = Time resting spent in this place.
 E = Time spent auto-exploring this place.
 F = Levels seen in this place.
 G = Mean time per level.
                   A        B        C        D        E       F      G
               +--------+--------+--------+--------+--------+-----+--------+
         Total |    787 |    752 |     35 |    409 |     62 |   1 |  787.0 |
       Dungeon |    787 |    752 |     35 |    409 |     62 |   1 |  787.0 |
               +--------+--------+--------+--------+--------+-----+--------+

Top non-repeatable levels by time:
       D: 787 daAuts
